3AAA
HAMILTON COYOTES @ SALT LAKE CITY BUZZ
07/29/2038
 
TOP OF THE 1ST
Hamilton Coyotes batting - Pitching for Salt Lake City Buzz : LHP Josh Waymouth
Pitching: LHP Josh Waymouth
Batting: RHB Elia Amberezzio 0-0: Ball
1-0: Called Strike
1-1: Called Strike
1-2: Foul Ball, location: 2F
1-2: Ground out 5-3 (Groundball, 56, EV 90.0 MPH)
Batting: RHB Júlio Robles 0-0: Fly out, F8 (Flyball, 8RS, EV 84.4 MPH)
Batting: RHB Hou Kong 0-0: Ball
1-0: Called Strike
1-1: DOUBLE (Groundball, 5L, EV 107.5 MPH)
Batting: LHB Bartholomew Bailey 0-0: Foul Ball, location: 2F
0-1: Foul Ball, location: 2F
0-2: Ball
1-2: Ball
2-2: Ground out 6-3 (Groundball, 6, EV 91.9 MPH)
Top of the 1st over - 0 runs, 1 hit, 0 errors, 1 left on base; Hamilton 0 - Salt Lake City 0
BOTTOM OF THE 1ST
Salt Lake City Buzz batting - Pitching for Hamilton Coyotes : RHP Jeffrey van Veldhuizen
Pitching: RHP Jeffrey van Veldhuizen
Batting: SHB Cheong-hun Kang 0-0: Ball
1-0: Foul Ball, location: 2F
1-1: SINGLE (Groundball, 34D, EV 108.8 MPH)
Batting: RHB Hui-ying Sun 0-0: Ball
Cheong-hun Kang steals 2nd base
1-0: Called Strike
1-1: Swinging Strike
1-2: Ball
2-2: Ground out 1-3 (Groundball, P, EV 78.8 MPH)
Cheong-hun Kang to third
Batting: LHB Orlando Casillas 0-0: Ball
1-0: Ball
2-0: Ball
3-0: Called Strike
3-1: Base on Balls
Batting: LHB Jackson Curry 0-0: Ball
Orlando Casillas steals 2nd base
1-0: SINGLE (Flyball, 89S, EV 92.5 MPH)
Cheong-hun Kang scores
Orlando Casillas to third
Batting: RHB Scott Ramsey 0-0: Ball
Jackson Curry steals 2nd, throwing error, E2
Orlando Casillas scores
Jackson Curry to third
1-0: Ball
2-0: Called Strike
2-1: Swinging Strike
2-2: Ball
3-2: Ground out 6-3 (Groundball, 6, EV 100.0 MPH)
Jackson Curry scores
Batting: RHB Ernesto Rivera 0-0: Called Strike
0-1: Ball
1-1: SINGLE (Flyball, 8RS, EV 84.4 MPH)
Batting: RHB Fytor Ceia 0-0: Called Strike
0-1: Ball
1-1: Swinging Strike
1-2: Strikes out swinging
Bottom of the 1st over - 3 runs, 3 hits, 1 error, 1 left on base; Hamilton 0 - Salt Lake City 3
TOP OF THE 2ND
Hamilton Coyotes batting - Pitching for Salt Lake City Buzz : LHP Josh Waymouth
Batting: RHB Alejandro Serrato 0-0: Ball
1-0: Ball
2-0: Ground out U3 (Groundball, 34, EV 100.6 MPH)
Batting: RHB José Bumgarnor 0-0: Ball
1-0: Swinging Strike
1-1: Called Strike
1-2: Ground out 6-3 (Groundball, 6M, EV 81.9 MPH)
Batting: LHB Alan Shaw 0-0: Ball
1-0: TRIPLE (Line Drive, 78XD, EV 106.9 MPH)
Batting: LHB Don McGhee 0-0: Called Strike
0-1: Foul Ball, location: 2F
0-2: Ball
1-2: Fly out, F7 (Flyball, 7LMF, EV 95.0 MPH)
Top of the 2nd over - 0 runs, 1 hit, 0 errors, 1 left on base; Hamilton 0 - Salt Lake City 3
BOTTOM OF THE 2ND
Salt Lake City Buzz batting - Pitching for Hamilton Coyotes : RHP Jeffrey van Veldhuizen
Batting: RHB Cody Jaeckel 0-0: Ball
1-0: Ball
2-0: Fly out, F9 (Flyball, 89M, EV 89.4 MPH)
Batting: RHB Frank Simon 0-0: DOUBLE (Groundball, 5L, EV 103.1 MPH)
Batting: SHB Cheong-hun Kang 0-0: Called Strike
0-1: Ball
1-1: Foul Ball, location: 2F
1-2: Foul Ball, location: 2F
1-2: Foul Ball, location: 2F
1-2: Ball
2-2: Strikes out swinging
Batting: RHB Hui-ying Sun 0-0: Called Strike
0-1: Ground out 6-3 (Groundball, 6, EV 93.8 MPH)
Bottom of the 2nd over - 0 runs, 1 hit, 0 errors, 1 left on base; Hamilton 0 - Salt Lake City 3
TOP OF THE 3RD
Hamilton Coyotes batting - Pitching for Salt Lake City Buzz : LHP Josh Waymouth
Batting: LHB Kyoji Hakoda 0-0: Called Strike
0-1: Swinging Strike
0-2: Strikes out swinging
Batting: RHB Elia Amberezzio 0-0: Foul Ball, location: 2F
0-1: Ball
1-1: Foul Ball, location: 2F
1-2: Strikes out swinging
Batting: RHB Júlio Robles 0-0: Ball
1-0: Ball
2-0: Called Strike
2-1: SINGLE (Line Drive, 78M, EV 93.8 MPH)
Batting: RHB Hou Kong 0-0: Ball
1-0: Ball
2-0: Foul Ball, location: 2F
2-1: Foul Ball, location: 2F
2-2: Fly out, F7 (Flyball, 7S, EV 80.0 MPH)
Top of the 3rd over - 0 runs, 1 hit, 0 errors, 1 left on base; Hamilton 0 - Salt Lake City 3
BOTTOM OF THE 3RD
Salt Lake City Buzz batting - Pitching for Hamilton Coyotes : RHP Jeffrey van Veldhuizen
Batting: LHB Orlando Casillas 0-0: Called Strike
0-1: Foul Ball, location: 2F
0-2: Ball
1-2: Ground out 5-3 (Groundball, 56, EV 99.4 MPH)
Batting: LHB Jackson Curry 0-0: Swinging Strike
0-1: Foul Ball, location: 2F
0-2: Ball
1-2: Ball
2-2: SINGLE (Flyball, 7S, EV 94.4 MPH)
Batting: RHB Scott Ramsey 0-0: Grounds into double play, 6-4-3 (Groundball, 6, EV 85.6 MPH)
Bottom of the 3rd over - 0 runs, 1 hit, 0 errors, 0 left on base; Hamilton 0 - Salt Lake City 3
TOP OF THE 4TH
Hamilton Coyotes batting - Pitching for Salt Lake City Buzz : LHP Josh Waymouth
Batting: LHB Bartholomew Bailey 0-0: Called Strike
0-1: Called Strike
0-2: Fly out, F1 (Line Drive, P, EV 71.2 MPH)
Batting: RHB Alejandro Serrato 0-0: Called Strike
0-1: Ball
1-1: SINGLE (Groundball, 3D, EV 103.1 MPH)
Batting: RHB José Bumgarnor 0-0: Swinging Strike
0-1: Foul Ball, location: 2F
0-2: Ball
1-2: Foul Ball, location: 2F
1-2: SINGLE (Line Drive, 5L, EV 100.0 MPH)
Alejandro Serrato to second
Batting: LHB Alan Shaw 0-0: Foul Ball, location: 2F
0-1: Foul Ball, location: 2F
0-2: Ball
1-2: Ball
2-2: Grounds out, U3 (Groundball, 3L, EV 76.9 MPH)
Alejandro Serrato to third
Batting: LHB Don McGhee 0-0: Ball
1-0: Ball
2-0: Ball
3-0: Called Strike
3-1: Swinging Strike
3-2: Strikes out swinging
Top of the 4th over - 0 runs, 2 hits, 0 errors, 2 left on base; Hamilton 0 - Salt Lake City 3
BOTTOM OF THE 4TH
Salt Lake City Buzz batting - Pitching for Hamilton Coyotes : RHP Jeffrey van Veldhuizen
Batting: RHB Ernesto Rivera 0-0: Fly out, F9 (Flyball, 9LM, EV 86.2 MPH)
Batting: RHB Fytor Ceia 0-0: Fly out, F7 (Flyball, 7LSF, EV 92.5 MPH)
Batting: RHB Cody Jaeckel 0-0: Called Strike
0-1: Ground out 6-3 (Groundball, 6, EV 100.6 MPH)
Bottom of the 4th over - 0 runs, 0 hits, 0 errors, 0 left on base; Hamilton 0 - Salt Lake City 3
TOP OF THE 5TH
Hamilton Coyotes batting - Pitching for Salt Lake City Buzz : LHP Josh Waymouth
Batting: LHB Kyoji Hakoda 0-0: Called Strike
0-1: Ball
1-1: Foul Ball, location: 2F
1-2: Ball
2-2: Foul Ball, location: 2F
2-2: SINGLE (Line Drive, 4D, EV 97.5 MPH)
Batting: RHB Elia Amberezzio 0-0: Bunted foul
0-1: Bunt missed!
0-2: Ball
1-2: Fielders Choice at 2nd, 1-4 (Groundball, 15, EV 77.5 MPH)
Batting: RHB Júlio Robles 0-0: Ball
1-0: Foul Ball, location: 2F
1-1: Ball
2-1: Ball
3-1: Fly out, F3 (Popup, 3SF, EV 73.1 MPH)
Batting: RHB Hou Kong 0-0: Called Strike
0-1: Ball
1-1: SINGLE (Groundball, 6D, EV 95.6 MPH)
Elia Amberezzio to second
Batting: LHB Bartholomew Bailey 0-0: Called Strike
0-1: Ball
1-1: Fly out, F8 (Flyball, 8LS, EV 86.2 MPH)
Top of the 5th over - 0 runs, 2 hits, 0 errors, 2 left on base; Hamilton 0 - Salt Lake City 3
BOTTOM OF THE 5TH
Salt Lake City Buzz batting - Pitching for Hamilton Coyotes : RHP Jeffrey van Veldhuizen
Batting: RHB Frank Simon 0-0: Ball
1-0: Called Strike
1-1: Called Strike
1-2: Ball
2-2: Foul Ball, location: 2F
2-2: Ball
3-2: Strikes out looking
Batting: SHB Cheong-hun Kang 0-0: Ball
1-0: Called Strike
1-1: Called Strike
1-2: Ball
2-2: DOUBLE (Line Drive, 7LS, EV 101.9 MPH)
Batting: RHB Hui-ying Sun 0-0: Ball
1-0: Ball
2-0: Called Strike
2-1: Fly out, F7 (Flyball, 7S, EV 92.5 MPH)
Batting: LHB Orlando Casillas 0-0: Swinging Strike
0-1: Swinging Strike
0-2: Strikes out looking
Bottom of the 5th over - 0 runs, 1 hit, 0 errors, 1 left on base; Hamilton 0 - Salt Lake City 3
TOP OF THE 6TH
Hamilton Coyotes batting - Pitching for Salt Lake City Buzz : LHP Josh Waymouth
Batting: RHB Alejandro Serrato 0-0: Ball
1-0: Ball
2-0: Ball
3-0: Called Strike
3-1: SINGLE (Groundball, 56D, EV 99.4 MPH)
Batting: RHB José Bumgarnor 0-0: Grounds into double play, 6-4-3 (Groundball, 6, EV 88.1 MPH)
Batting: LHB Alan Shaw 0-0: Foul Ball, location: 2F
0-1: Ball
1-1: Ball
2-1: Ball
3-1: Fly out, F9 (Line Drive, 9, EV 86.2 MPH)
Top of the 6th over - 0 runs, 1 hit, 0 errors, 0 left on base; Hamilton 0 - Salt Lake City 3
BOTTOM OF THE 6TH
Salt Lake City Buzz batting - Pitching for Hamilton Coyotes : RHP Jeffrey van Veldhuizen
Batting: LHB Jackson Curry 0-0: Ball
1-0: Called Strike
1-1: Called Strike
1-2: Ball
2-2: Strikes out swinging
Batting: RHB Scott Ramsey 0-0: Ball
1-0: Swinging Strike
1-1: Foul Ball, location: 2F
1-2: Strikes out swinging
Batting: RHB Ernesto Rivera 0-0: Ball
1-0: Foul Ball, location: 2F
1-1: Ball
2-1: Ball
3-1: Base on Balls
Pitching: RHP Ed Maresh
Batting: RHB Fytor Ceia 0-0: Ball
1-0: Called Strike
1-1: Foul Ball, location: 2F
1-2: Strikes out looking
Bottom of the 6th over - 0 runs, 0 hits, 0 errors, 1 left on base; Hamilton 0 - Salt Lake City 3
TOP OF THE 7TH
Hamilton Coyotes batting - Pitching for Salt Lake City Buzz : LHP Josh Waymouth
Batting: LHB Don McGhee 0-0: Ball
1-0: Called Strike
1-1: Ball
2-1: Swinging Strike
2-2: Ball
3-2: Strikes out swinging
Batting: LHB Kyoji Hakoda 0-0: Called Strike
0-1: Swinging Strike
0-2: Ball
1-2: Ball
2-2: Strikes out swinging
Batting: RHB Elia Amberezzio 0-0: Swinging Strike
0-1: Ball
1-1: Ball
2-1: Foul Ball, location: 2F
2-2: Ball
3-2: Base on Balls
Pitching: RHP Jose Jovellanos
Batting: RHB Júlio Robles 0-0: Ball
1-0: Foul Ball, location: 2F
1-1: Ball
2-1: Ball
3-1: SINGLE (Groundball, 34, EV 100.0 MPH) (infield hit)
Elia Amberezzio to second
Batting: RHB Hou Kong 0-0: Ball
1-0: Called Strike
1-1: Ball
2-1: Foul Ball, location: 2F
2-2: Foul Ball, location: 2F
2-2: Foul Ball, location: 2F
2-2: Foul Ball, location: 2F
2-2: Ball
3-2: Strikes out swinging
Top of the 7th over - 0 runs, 1 hit, 0 errors, 2 left on base; Hamilton 0 - Salt Lake City 3
BOTTOM OF THE 7TH
Salt Lake City Buzz batting - Pitching for Hamilton Coyotes : RHP Ed Maresh
Batting: RHB Cody Jaeckel 0-0: Ball
1-0: Ground out 5-3 (Groundball, 5, EV 86.2 MPH)
Batting: RHB Frank Simon 0-0: Ball
1-0: Called Strike
1-1: Ball
2-1: Foul Ball, location: 2F
2-2: Foul Ball, location: 2F
2-2: SINGLE (Groundball, 4S, EV 87.5 MPH) (infield hit)
Batting: SHB Cheong-hun Kang 0-0: Ball
1-0: Ball
2-0: Foul Ball, location: 2F
2-1: Ball
3-1: Base on Balls
Frank Simon to second
Batting: RHB Hui-ying Sun 0-0: Ball
1-0: Ball
2-0: Ball
3-0: Called Strike
3-1: Swinging Strike
3-2: Foul Ball, location: 2F
3-2: Base on Balls
Frank Simon to third
Cheong-hun Kang to second
Batting: LHB Orlando Casillas 0-0: Called Strike
0-1: Foul Ball, location: 2F
0-2: Ball
1-2: Foul Ball, location: 2F
1-2: Fly out, F9 (Flyball, 89S, EV 90.0 MPH)
Batting: LHB Jackson Curry 0-0: Called Strike
0-1: Foul Ball, location: 2F
0-2: Strikes out swinging
Bottom of the 7th over - 0 runs, 1 hit, 0 errors, 3 left on base; Hamilton 0 - Salt Lake City 3
TOP OF THE 8TH
Hamilton Coyotes batting - Pitching for Salt Lake City Buzz : RHP Jose Jovellanos
Batting: LHB Bartholomew Bailey 0-0: Called Strike
0-1: Swinging Strike
0-2: Ball
1-2: Strikes out looking
Batting: RHB Alejandro Serrato 0-0: Ball
1-0: Foul Ball, location: 2F
1-1: Swinging Strike
1-2: Ground out 5-3 (Groundball, 56, EV 96.9 MPH)
Batting: RHB José Bumgarnor 0-0: Ball
1-0: Ball
2-0: Ball
3-0: Base on Balls
Batting: LHB Alan Shaw 0-0: Ball
1-0: Called Strike
1-1: Ball
2-1: Foul Ball, location: 2F
2-2: Foul Ball, location: 2F
2-2: Ball
3-2: TRIPLE (Groundball, 3L, EV 101.2 MPH)
José Bumgarnor scores
Batting: LHB Don McGhee 0-0: Ball
1-0: Ball
2-0: Foul Ball, location: 2F
2-1: Swinging Strike
2-2: Ball
3-2: Fly out, F9 (Line Drive, 9, EV 103.1 MPH)
Top of the 8th over - 1 run, 1 hit, 0 errors, 1 left on base; Hamilton 1 - Salt Lake City 3
BOTTOM OF THE 8TH
Salt Lake City Buzz batting - Pitching for Hamilton Coyotes : RHP Ed Maresh
Batting: RHB Scott Ramsey 0-0: Ball
1-0: Called Strike
1-1: Ball
2-1: Foul Ball, location: 2F
2-2: Strikes out swinging
Batting: RHB Ernesto Rivera 0-0: Called Strike
0-1: Called Strike
0-2: Ball
1-2: Ball
2-2: Strikes out swinging
Batting: RHB Fytor Ceia 0-0: SINGLE (Groundball, 6MD, EV 96.9 MPH)
Batting: RHB Cody Jaeckel 0-0: Ball
1-0: SINGLE (Flyball, 78S, EV 85.6 MPH)
Fytor Ceia to second
Batting: RHB Frank Simon 0-0: Ball
1-0: Called Strike
1-1: Foul Ball, location: 2F
1-2: Ball
2-2: Fly out, F7 (Line Drive, 7, EV 104.4 MPH)
Bottom of the 8th over - 0 runs, 2 hits, 0 errors, 2 left on base; Hamilton 1 - Salt Lake City 3
TOP OF THE 9TH
Hamilton Coyotes batting - Pitching for Salt Lake City Buzz : RHP Jose Jovellanos
Now at SS: Júlio Madrid
Now in RF: Germán Espantoso
Batting: LHB Kyoji Hakoda 0-0: Foul Ball, location: 2F
0-1: Ground out 4-3 (Groundball, 4, EV 90.0 MPH)
Batting: RHB Elia Amberezzio 0-0: Ball
1-0: Called Strike
1-1: Fly out, F7 (Line Drive, 7, EV 108.8 MPH)
Batting: RHB Júlio Robles 0-0: Called Strike
0-1: SINGLE (Groundball, 4D, EV 101.2 MPH)
Batting: RHB Hou Kong 0-0: Ball
1-0: Ball
2-0: Called Strike
2-1: Called Strike
2-2: Fly out, F3 (Popup, 3F, EV 67.5 MPH)
Top of the 9th over - 0 runs, 1 hit, 0 errors, 1 left on base; Hamilton 1 - Salt Lake City 3
Friday, April 17th, 2020 - OOTP Baseball 20.8 Build 74